 Dungeon Crawl Stone Soup version 0.28-a0-472-g50180c0d78 (webtiles) character file.

Game seed: 15025599264326000836

3735 Morbidden the Grappler (level 9, -6/84 HPs)
             Began as a Troll Transmuter on Sept 15, 2021.
             Was a Priest of Cheibriados.
             Mangled by a wolf (9 damage)
             ... on level 8 of the Dungeon.
             The game lasted 00:14:33 (7100 turns).

Morbidden the Grappler (Troll Transmuter)           Turns: 7100, Time: 00:14:33

Health: -6/84      AC: 12    Str: 27    XL:     9   Next: 92%
Magic:  12/12      EV: 16    Int: 19    God:    Cheibriados [***...]
Gold:   596        SH:  0    Dex: 17    Spells: 6/14 levels left

rFire   . . .      SeeInvis .     - Unarmed
rCold   . . .      Faith    .   (no shield)
rNeg    . . .      Spirit   .   a - +1 robe
rPois   .          Reflect  .   (helmet restricted)
rElec   .          Harm     .   m - +2 cloak
rCorr   .          Rampage  .   (gloves unavailable)
Will    .....                   (boots unavailable)
Stlth   ++........              (no amulet)
HPRegen 1.24/turn               o - +4 ring of evasion
MPRegen 0.13/turn               v - +4 ring of protection

@: marked, studying Crossbows, very slow
A: large, unfitting armour, claws 3, regeneration 1, shaggy fur 1, tough skin 1
a: Renounce Religion, Bend Time, Temporal Distortion


You were on level 8 of the Dungeon.
You worshipped Cheibriados.
Cheibriados was most pleased with you.
You visited 2 branches of the dungeon, and saw 9 of its levels.
You also visited: Ossuary.

You collected 1604 gold pieces.
You spent 1008 gold pieces at shops.

Inventory:

Hand Weapons
 y - the +11 quarterstaff of Linearity {venom, Str+4}
   (You found it on level 8 of the Dungeon)

   It poisons the flesh of those it strikes.
   Str:       It affects your strength (+4).
Missiles
 f - 66 poisoned darts
 q - 7 curare-tipped darts (quivered)
Armour
 a - a +1 robe (worn)
 m - a +2 cloak (worn)
Jewellery
 n - a ring of ice
 o - a +4 ring of evasion (left claw)
 v - a +4 ring of protection (right claw)
Wands
 x - a wand of digging (4)
Scrolls
 h - 5 scrolls of identify
 p - 3 scrolls of immolation
 r - 2 scrolls of amnesia
 t - a scroll of enchant armour
 w - a scroll of fog
Potions
 b - a potion of flight {unknown}
 c - 2 potions of resistance {unknown}
 d - 3 potions of lignification
 e - 2 potions of brilliance {unknown}
 g - 3 potions of attraction {unknown}
 i - a potion of might
 j - 3 potions of heal wounds {unknown}
 k - 3 potions of curing {unknown}
 l - 3 potions of haste {unknown}
 s - 2 potions of degeneration {unknown}


   Skills:
 * Level 4.1 Fighting
 - Level 1.7 Throwing
 * Level 4.4 Dodging
 - Level 0.2 Stealth
 + Level 8.7 Unarmed Combat
 * Level 3.2 Spellcasting
 * Level 2.5 Conjurations
 * Level 3.6 Transmutations
 - Level 3.0 Poison Magic
 * Level 1.7 Invocations


You had 6 spell levels left.
You knew the following spells:

 Your Spells              Type           Power      Damage    Failure   Level
a - Beastly Appendage     Tmut           32%        N/A       3%          1
b - Wereblood             Tmut           16%        N/A       4%          2
c - Spider Form           Tmut/Pois      7%         N/A       12%         3
z - Searing Ray           Conj           24%        2d5       8%          2

Your spell library contained the following spells:

 Spells                   Type           Power      Damage    Failure   Level
 Magic Dart               Conj           48%        1d5       5%          1
 Dazzling Flash           Conj/Hex       14%        N/A       26%         3
 Ice Form                 Ice/Tmut       9%         N/A       56%         4
 Fulminant Prism          Conj/Hex       3%         3d6       65%         4
 Iskenderun's Mystic Bla  Conj/Tloc      7%         2d4       65%         4
 Starburst                Conj/Fire      3%         6d3       100%        6


Dungeon Overview and Level Annotations

Branches:
Dungeon (8/15)             Temple (1/1) D:6            Lair (0/6) D:8
Ossuary (visited)

Altars:
Cheibriados
Dithmenos
Fedhas
Kikubaaqudgha
Makhleb
Ru
Zin

Shops:
D:4 *=!

Annotations:
D:8 Harold


Innate Abilities, Weirdness & Mutations

You are too large for most types of armour.
You have claws for hands.
Your natural rate of healing is unusually fast.
You are covered in fur. (AC +1)
You have tough skin. (AC +1)


Message History

Harold is engulfed in blazing flames.
Flame seeps out of Harold.
Harold hits you with a +0 trident! The killer bee barely misses you.
The orc wizard mumbles some strange words.
The orc wizard flickers and vanishes!
Deactivating autopickup; reactivate with Ctrl-A.
Unknown command.
Unknown command.
You feel sick. The wolf misses you. The killer bee completely misses you.
The killer bee closely misses you. The wolf completely misses you.
Harold is engulfed in blazing flames.
Flame seeps out of Harold.
Harold completely misses you.
A troll comes into view.
The killer bee barely misses you.
Unknown command.
Unknown command.
Unknown command.
You miss the wolf.
You feel sick. The killer bee closely misses you. The wolf closely misses you.
The killer bee stings you but does no damage.
Harold hits you from afar with a +0 trident.
The killer bee barely misses you. The wolf barely misses you.
Unknown command.
Unknown command.
You barely miss the wolf. The killer bee barely misses you.
The wolf bites you but does no damage. The killer bee misses you.
The wolf closely misses you.
Harold hits you from afar with a +0 trident!!
* * * LOW HITPOINT WARNING * * *
The killer bee stings you!
* * * LOW HITPOINT WARNING * * *
The wolf bites you.
* * * LOW HITPOINT WARNING * * *
The killer bee barely misses you.
Unknown command.
You completely miss the wolf.
You feel sick.
You are no longer poisoned.
The wolf barely misses you.
The killer bee misses you. x2; The wolf bites you.
* * * LOW HITPOINT WARNING * * *
The killer bee misses you. The wolf bites you!
You die...

#.... ####.... ####
#....... ##..# ##.###...
#...## #........
##.$..## #..≈...≈.
#......# #..≈≈≈..≈
##hyy<..## #...≈≈≈.≈
#..@h@...# #...≈≈≈≈.
#T.hyo...# #..≈≈≈≈≈≈
......h....# #..≈≈≈≈≈≈
..........h..###........
...#........).##..≈y≈≈≈≈
.. #........h(.......≈≈≈
# #.........)....≈≈≈≈≈≈
#.............@.≈≈≈≈≈
...............≈≈≈.


You could see Harold (inner flame), a troll, 4 wolves, 2 hounds, 3 killer bees
and an orc (inner flame).

Vanquished Creatures
  Grinder (D:6)
  A shadow (D:7)
  Sigmund (D:3)
  A wyvern (D:6)
  2 steam dragons
  3 water moccasins (D:6)
  3 black bears
  An ogre (D:5)
  2 centaurs
  A phantom (D:7)
  A kobold brigand (D:6)
  2 elf zombies (Ossuary)
  A bullfrog (D:7)
  2 water moccasin zombies (D:4)
  2 wyvern zombies
  2 scorpions
  A killer bee (D:7)
  A wyvern skeleton (D:6)
  2 howler monkeys (D:7)
  A centaur zombie (Ossuary)
  A bullfrog zombie (D:4)
  A human zombie (Ossuary)
  2 hounds
  A gnoll shaman (D:5)
  4 orc priests
  Crazy Yiuf (D:3)
  2 jellies
  2 centaur skeletons
  4 iguanas
  A scorpion zombie (D:4)
  5 orc wizards
  A hound skeleton (D:4)
  3 hound zombies (D:4)
  A howler monkey zombie (D:8)
  3 mummies
  A howler monkey skeleton (D:7)
  7 gnolls
  12 adders
  3 ufetubi
  2 adder zombies (Ossuary)
  2 worms
  3 dart slugs
  9 orcs
  5 endoplasms
  2 giant cockroaches
  7 goblins
  4 hobgoblins
  7 jackals
  16 kobolds
  2 quokkas
  7 ball pythons
  8 bats
  5 frilled lizards
  3 goblin zombies (Ossuary)
  12 hobgoblin zombies (Ossuary)
  9 kobold zombies (Ossuary)
  6 orc zombies (Ossuary)
  A quokka skeleton (D:4)
  5 rats
  A rat zombie (Ossuary)
202 creatures vanquished.

Vanquished Creatures (others)
  An orc (D:8)
  4 toadstools (D:7)
5 creatures vanquished.

Grand Total: 207 creatures vanquished

Notes
Turn   | Place    | Note
-------+----------+-------------------------------------------
     0 | D:1      | Morbidden the Troll Transmuter began the quest for the Orb.
     0 | D:1      | Reached XP level 1. HP: 18/18 MP: 1/1
    77 | D:1      | Reached skill level 1 in Fighting
    80 | D:1      | Reached XP level 2. HP: 27/27 MP: 0/3
   742 | D:2      | Reached XP level 3. HP: 33/33 MP: 1/4
   834 | D:2      | Learned a level 2 spell: Wereblood
  1199 | D:3      | Found a faded altar of an unknown god.
  1296 | D:3      | Reached XP level 4. HP: 41/41 MP: 5/5
  1326 | D:3      | Noticed Sigmund
  1525 | D:3      | Learned a level 3 spell: Spider Form
  1814 | D:3      | Found a runed translucent door.
  1815 | D:3      | Noticed Crazy Yiuf
  2080 | D:3      | Killed Sigmund
  2081 | D:3      | Reached skill level 1 in Throwing
  2081 | D:3      | Reached skill level 4 in Unarmed Combat
  2081 | D:3      | Reached skill level 1 in Poison Magic
  2081 | D:3      | Reached XP level 5. HP: 30/49 MP: 5/7
  2114 | D:3      | Reached XP level 6. HP: 57/57 MP: 8/8
  2551 | D:3      | Killed Crazy Yiuf
  2731 | D:4      | Found Xuywn's Distillery.
  2849 | D:4      | Reached XP level 7. HP: 32/66 MP: 9/9
  2857 | D:4      | Learned a level 2 spell: Searing Ray
  2934 | D:4      | Found Bienenadgh's General Store.
  3070 | D:4      | Reached skill level 5 in Unarmed Combat
  3638 | D:4      | Found Yskuefanuk's Jewellery Shoppe.
  3665 | D:5      | Entered Level 5 of the Dungeon
  4023 | D:5      | Reached skill level 6 in Unarmed Combat
  4113 | D:5      | Reached XP level 8. HP: 57/74 MP: 7/10
  4568 | D:6      | Noticed Grinder
  4584 | D:6      | Paralysed by Grinder for 3 turns
  4592 | D:6      | Killed Grinder
  4593 | D:6      | Reached skill level 1 in Conjurations
  4628 | D:6      | Found a shadowy altar of Dithmenos.
  4628 | D:6      | Found a snail-covered altar of Cheibriados.
  4705 | D:6      | Became a worshipper of Cheibriados the Contemplative
  4896 | D:6      | Reached skill level 7 in Unarmed Combat
  4959 | D:6      | Reached XP level 9. HP: 83/84 MP: 6/12
  5259 | D:6      | Reached * piety under Cheibriados
  5746 | D:6      | Found a staircase to the Ecumenical Temple.
  5976 | Temple   | Entered the Ecumenical Temple
  6004 | D:7      | Identified a scroll of acquirement
  6004 | D:7      | Acquired 1005 gold pieces
  6017 | D:7      | Found a sand-covered staircase.
  6028 | Ossuary  | Entered an ossuary
  6134 | Ossuary  | Reached ** piety under Cheibriados
  6195 | Ossuary  | Reached skill level 8 in Unarmed Combat
  6230 | Ossuary  | Reached skill level 1 in Invocations
  6393 | D:4      | Bought a +4 ring of evasion for 504 gold pieces
  6393 | D:4      | Bought a +4 ring of protection for 504 gold pieces
  6587 | D:7      | Reached *** piety under Cheibriados
  6780 | D:7      | Found a burning altar of Makhleb.
  7013 | D:8      | Identified the +11 quarterstaff of Linearity {venom, Str+4}
  7058 | D:8      | Found a staircase to the Lair.
  7062 | D:8      | Noticed Harold
  7097 | D:8      | Noticed a troll
  7100 | D:8      | HP: 3/84 [wolf (5)]
  7100 | D:8      | Mangled by a wolf

Illustrated notes

Levels and vault maps discovered:
D:1:      erik_arrival_orb_chamber, layout_loops_cross, minmay_tall_x
D:2:      layout_rooms
D:3:      cheibrodos_helix_gallery, layout_loops_corners,
          basic_ecumenical_altar, kennysheep_nondescript, minivault_24,
          uniq_sigmund, uniq_crazy_yiuf_cottage
D:4:      layout_loops_corners, serial_shops, nicolae_take_the_stairs, shop,
          nicolae_square_shop, serial_undead, serial_undead_a, serial_undead_c,
          serial_undead_d, serial_undead_b
D:5:      layout_basic
D:6:      layout_layer_cave, jmf_multi_god_temple,
          minmay_temple_entry_enclosed_plants, st_stairs_10, minivault_27,
          minmay_misc_feat_chi, uniq_grinder
D:7:      layout_cave_pools, kennysheep_mini, gup_ossuary_entry_pyramid,
          minmay_gold_behind_fungi, kennysheep_doodads, glass_columns_b,
          glass_columns_a
D:8:      layout_cave_pods, mainiacjoe_overflow_concentric_impassable,
          erik_lair_island, lightli_corner_chamber, uniq_pikel, uniq_harold
Temple:   eino_temple_rhombus

Skill      XL: |  1  2  3  4  5  6  7  8  9 |
---------------+----------------------------+-----
Fighting       | 1 2 3 4 |  4.1
Transmutations | 2 3 |  3.6
Throwing       | 1 |  1.7
Dodging        | 2 3 4 |  4.4
Unarmed Combat | 4 6 7 8 |  8.7
Spellcasting   | 2 3 |  3.2
Poison Magic   | 1 2 3 |  3.0
Conjurations   | 1 2 |  2.5
Invocations    | 1 |  1.7
Stealth        | |  0.2

Action                   |  1- 3 |  4- 6 |  7- 9 || total
-------------------------+-------+-------+-------++-------
Melee: Unarmed           |    94 |    72 |   410 ||   576
       Headbutt          |     2 |     3 |    26 ||    31
       Kick              |     1 |     5 |    52 ||    58
       Punch             |     1 |       |     7 ||     8
Throw: Dart              |       |    41 |     1 ||    42
 Cast: Beastly Appendage |    15 |     9 |    23 ||    47
       Spider Form       |       |     1 |     7 ||     8
       Wereblood         |       |       |    12 ||    12
       Searing Ray       |       |       |     1 ||     1
  Use: Scroll            |       |     4 |    11 ||    15
       Potion            |       |     1 |       ||     1
 Stab: Sleeping          |     1 |     1 |     1 ||     3
Armor: Robe              |    42 |    43 |   188 ||   273
       Skin              |       |    17 |     5 ||    22
Dodge: Dodged            |    52 |    48 |   312 ||   412

Table legend: (Time is in decaauts)
 A = Elapsed time spent in this place.
 B = Non-inter-level travel time spent in this place.
 C = Inter-level travel time spent in this place.
 D = Time resting spent in this place.
 E = Time spent auto-exploring this place.
 F = Levels seen in this place.
 G = Mean time per level.
                   A        B        C        D        E       F      G
               +--------+--------+--------+--------+--------+-----+--------+
         Total |   7860 |   7524 |    336 |    186 |   5741 |  10 |  786.0 |
       Dungeon |   7525 |   7189 |    336 |    186 |   5552 |   8 |  940.6 |
        Temple |      4 |      4 |      0 |      0 |      0 |   1 |    4.0 |
       Ossuary |    331 |    331 |      0 |      0 |    189 |   1 |  331.0 |
               +--------+--------+--------+--------+--------+-----+--------+

Top non-repeatable levels by time:
     D:6: 1845 daAuts
     D:3: 1467 daAuts
     D:4: 1011 daAuts
     D:5: 952 daAuts
     D:7: 848 daAuts
     D:1: 729 daAuts
     D:2: 462 daAuts
 Ossuary: 331 daAuts
     D:8: 208 daAuts
  Temple: 4 daAuts
